 Dungeon Crawl Stone Soup version 0.31.0-11-ge490571c62 (webtiles) character file.

Game seed: 5218210007662755453

2638 Zeor the Skirmisher (level 9, -5/64 (78) HPs)
             Began as a Naga Hexslinger on Feb 1, 2024.
             Was an Initiate of Qazlal.
             Slain by Jeremiah
             ... wielding a +4 trident of draining
              (9 damage)
             ... on level 7 of the Dungeon.
             The game lasted 00:31:11 (6735 turns).

Zeor the Skirmisher (Naga Hexslinger)               Turns: 6735, Time: 00:31:13

HP:   -5/64 (78)    AC:  5    Str: 10    XL:     9   Next: 61%
MP:   14/15         EV:  9    Int: 16    God:    Qazlal [......]
Gold: 287           SH:  4    Dex: 16    Spells: 8/17 levels left

rFire   + . .        b - +6 shillelagh "Devastator" {shatter}
rCold   . . .        (no shield)
rNeg    . . .        E - +0 leather armour {rF+}
rPois   +            (helmet restricted)
rElec   +            e - scarf {repulsion}
rCorr   .            l - +0 pair of gloves
SInv    +            (no barding)
Will    +....        (no amulet)
Stlth   ++           (no ring)
HPRegen 0.30/turn    (no ring)
MPRegen 0.14/turn

%: repel missiles
@: mighty, heavily drained, very slow
A: AC +3, large, see invisible, deformed body, poison resistance, slowness 2,
spit poison 1, naga tail 1, horns 1, large bone plates 1, electricity resistance
a: Spit Poison, Renounce Religion


You were on level 7 of the Dungeon.
You worshipped Qazlal.
Qazlal was noncommittal.
You visited 2 branches of the dungeon, and saw 8 of its levels.
You also visited: Sewer.

You collected 431 gold pieces.
You spent 144 gold pieces at shops.

Inventory:

Hand Weapons
 a - a +2 sling
 b - the +6 shillelagh "Devastator" (weapon) {shatter}
   (You found it on level 2 of the Dungeon)
 m - a +2 short sword of draining
 s - a +0 whip of holy wrath
 F - a +2 rapier of holy wrath
Missiles
 w - a throwing net
 B - 2 curare-tipped darts
Armour
 e - a scarf of repulsion (worn)
 l - a +0 pair of gloves (worn)
 E - a +0 leather armour of fire resistance (worn)
Jewellery
 y - an amulet of guardian spirit
Talismans
 k - a flux talisman
Wands
 q - a wand of roots (9)
 r - a wand of acid (9)
 z - a wand of mindburst (6)
 D - a wand of charming (7)
Scrolls
 d - 5 scrolls of poison
 p - a scroll of vulnerability
 A - 2 scrolls of immolation
 C - 4 scrolls of teleportation
Potions
 f - 2 potions of mutation
 g - a potion of attraction {unknown}
 h - 3 potions of lignification
 i - 3 potions of curing
 j - a potion of degeneration {unknown}
 n - a potion of ambrosia {unknown}
 o - 4 potions of enlightenment {unknown}
 t - a potion of berserk rage {unknown}
 u - a potion of invisibility {unknown}
 v - 2 potions of heal wounds
 x - a potion of brilliance {unknown}
 G - a potion of haste {unknown}


   Skills:
 * Level 4.2 Fighting
 + Level 2.0 Maces & Flails
 * Level 8.1 Ranged Weapons
 + Level 2.2 Armour
 + Level 2.0 Dodging
 + Level 1.5 Stealth
 + Level 0.3 Shields
 * Level 4.6 Spellcasting
 * Level 5.8 Hexes
 + Level 1.0 Fire Magic


You had 8 spell levels left.
You knew the following spells:

 Your Spells              Type           Power      Damage    Failure   Level
b - Sigil of Binding      Hex            22%        N/A       6%          3
f - Cause Fear            Hex            11%        N/A       19%         4
j - Jinxbite              Hex            44%        N/A       3%          2

Your spell library contained the following spells:

 Spells                   Type           Power      Damage    Failure   Level
 Inner Flame              Hex/Fire       14%        N/A       16%         3
 Dazzling Flash           Conj/Hex       26%        N/A       19%         3
 Volatile Blastmotes      Fire/Tloc      10%        2d10      45%         3
 Dimensional Bullseye     Hex/Tloc       6%         N/A       54%         4
 Flame Wave               Conj/Fire      5%         2d5       86%         4
 Sticky Flame             Fire/Alch      5%         2d4       86%         4
 Animate Dead             Necr           3%         N/A       91%         4
 Borgnjor's Vile Clutch   Necr/Erth      1%         N/A       99%         5
 Death Channel            Necr           1%         N/A       100%        6
 Starburst                Conj/Fire      2%         6d3       100%        6
 Maxwell's Capacitive Co  Air            1%         ∞         100%        8


Dungeon Overview and Level Annotations

Branches:
Dungeon (7/15)             Temple (1/1) D:7           Sewer (visited)

Altars:
Cheibriados
Dithmenos
Elyvilon
Fedhas
Gozag
Hepliaklqana
Kikubaaqudgha
Makhleb
Nemelex Xobeh
Okawaru
Qazlal
Ru
Sif Muna
Trog
Uskayaw
Vehumet
Wu Jian
Xom
Yredelemnul
Zin
The Shining One

Shops:
D:2 [

Annotations:
D:7 Jeremiah, Prince Ribbit


Innate Abilities, Weirdness & Mutations

Your serpentine skin is tough. (AC +3)
You have supernaturally acute eyesight. (SInv)
Armour fits poorly on your strangely shaped body.
Your system is resistant to poisons. (rPois)
You cover ground very slowly.
You can spit poison.
You have a snake-like lower body.
You have a pair of small horns on your head.
You are partially covered in large bone plates. (SH +4)
You are resistant to electric shocks. (rElec)


Message History

You kill the butterfly!
The butterfly disappears in a burst of colours!
You kill the butterfly!
The butterfly disappears in a burst of colours!
You kill the butterfly!
The butterfly disappears in a burst of colours!
Jeremiah hits you from afar with a +4 trident of draining.
You feel drained.
You completely miss the butterfly. You block Prince Ribbit's attack.
Jeremiah hits you from afar with a +4 trident of draining.
You feel drained. Prince Ribbit hits you.
Unknown command.
You miss the butterfly. Your headbutt misses the butterfly.
You block Prince Ribbit's attack.
Jeremiah hits you from afar with a +4 trident of draining.
You feel drained.
You closely miss the butterfly.
You feel your willpower return.
The butterfly disappears in a burst of colours!
Prince Ribbit hits you!
* * * LOW HITPOINT WARNING * * *
Jeremiah hits you from afar with a +4 trident of draining.
* * * LOW HITPOINT WARNING * * *
You feel drained.
* * * LOW HITPOINT WARNING * * *
Prince Ribbit hits you.
* * * LOW HITPOINT WARNING * * *
Jeremiah asks you, "Have you seen the dreamshard?
I...
I need it..."
Jeremiah hits you from afar with a +4 trident of draining!
* * * LOW HITPOINT WARNING * * *
You feel drained.
You feel much better.
The butterfly disappears in a burst of colours! x2
Prince Ribbit hits you!
* * * LOW HITPOINT WARNING * * *
Prince Ribbit hits you.
* * * LOW HITPOINT WARNING * * *
Jeremiah hits you from afar with a +4 trident of draining!
You die...
Jeremiah asks, "What happened?
Did... did you die?" ∙∙[∙∙∙>▒∙▒ ▒∙∙∙∙∙▒∙ ∙∙∙∙∙∙∙∙∙∙∙∙∙∙ ∙▒∙∙∙∙▒∙ ∙b∙∙∙∙∙∙∙∙∙∙∙▒ ∙∙∙∙∙∙∙▒∙ ∙∙∙∙b∙∙∙∙∙[∙∙▒▒∙∙▒∙▒∙∙∙∙ ▒∙bb∙∙∙∙∙∙∙∙▒▒∙ ▒∙∙∙∙∙∙ ▒∙∞∙bbb∙∙∙∙∙∙▒∙

▒▒▒▒∙∙∙ ▒▒∙bb∙∙∙∙∙∙∙∙▒
▒∙∙∙∙∙∙ ▒∙∙∙FbF∙∙)b∙∙▒∙
▒∙▒▒▒∙▒
▒∙∙∙bbN)∙∙∙∙∙▒∙∙▒∙▒▒▒∙▒
▒∙▒∙▒▒▒▒∙▒∙▒∙▒∙∙∙∙∙∙∙∙▒
▒∙∙∙∙∙∙▒∙∙∙▒∙▒∙∙∙∙▒▒▒
▒∙▒▒▒▒▒∙∙▒∙▒∙∙∙∙∙∙∙∙∙
▒∙▒ ▒∙▒▒∙▒▒∙∙∙∙▒▒▒▒ ▒∙▒
▒▒▒∙▒▒∙▒▒∙∙∙∙∙▒▒▒ ▒∙▒
▒∙∙∙∙∙(∙▒▒∙∙∙∙▒∙∙ ■▒▒▒▒
▒∙▒ ▒∙∙∙∙∙∙∙▒▒∙∙∙∙▒∙∙
∙∙∙∙▒ ▒▒■▒∙▒
▒∙∙∙∙∙∙∙▒▒∙∙∙∙▒%∙


You could see Jeremiah and Prince Ribbit.

Vanquished Creatures
  Pikel (D:7)
  Sigmund (D:3)
  A wyvern (D:7)
  Duvessa (D:7)
  An ice beast (D:7)
  2 ogres (D:5)
  A lemure (D:7)
  A phantom (D:4)
  2 kobold brigands (Sewer)
  2 scorpions (D:6)
  Dowan (D:7)
  5 killer bees (D:7)
  3 hounds
  2 jellies
  A bombardier beetle (D:5)
  4 orc priests
  A sleepcap (D:7)
  An iguana (D:6)
  11 orc wizards
  17 adders
  5 ribbon worms
  2 dart slugs
  27 orcs
  11 ball pythons
  4 bats
  11 endoplasms
  4 giant cockroaches
  10 goblins
  8 hobgoblins
  4 jackals (D:1)
  12 kobolds
  4 quokkas
  2 frilled lizards (D:2)
  6 rats
169 creatures vanquished.

Notes
Turn   | Place    | Note
-------+----------+-------------------------------------------
     0 | D:1      | Zeor the Naga Hexslinger began the quest for the Orb.
     0 | D:1      | Reached XP level 1. HP: 18/18 MP: 2/2
   103 | D:1      | Reached skill level 2 in Ranged Weapons
   103 | D:1      | Reached XP level 2. HP: 25/25 MP: 4/4
   106 | D:1      | Learned a level 2 spell: Jinxbite
   305 | D:1      | Reached XP level 3. HP: 27/31 MP: 2/5
  1081 | D:2      | Reached skill level 3 in Ranged Weapons
  1134 | D:2      | Reached XP level 4. HP: 38/38 MP: 3/6
  1307 | D:2      | Learned a level 3 spell: Sigil of Binding
  1963 | D:2      | Found the +6 shillelagh "Devastator" {shatter}
  1986 | D:2      | Reached XP level 5. HP: 40/44 MP: 5/8
  2127 | D:2      | Found Pulaosipn's Antique Armour Boutique.
  2176 | D:2      | Bought a pair of gloves for 144 gold pieces
  2420 | D:3      | Found a hazy altar of Hepliaklqana.
  2766 | D:3      | Noticed Sigmund
  2770 | D:3      | Killed Sigmund
  2771 | D:3      | Reached skill level 4 in Ranged Weapons
  2771 | D:3      | Reached XP level 6. HP: 29/52 MP: 6/9
  3555 | D:4      | Reached XP level 7. HP: 50/60 MP: 8/10
  3718 | D:4      | Noticed a yak
  3865 | D:5      | Entered Level 5 of the Dungeon
  3918 | D:5      | Reached skill level 5 in Ranged Weapons
  4052 | D:5      | Reached skill level 1 in Armour
  4236 | D:5      | Reached skill level 1 in Stealth
  4339 | D:5      | Reached XP level 8. HP: 69/69 MP: 9/12
  4377 | D:5      | You fall into a shaft and drop 1 floor!
  4502 | D:6      | Found a glowing drain.
  4514 | Sewer    | Entered a sewer
  4566 | Sewer    | Reached skill level 6 in Ranged Weapons
  4725 | Sewer    | Reached skill level 5 in Hexes
  5227 | D:6      | Gained mutation: You have a pair of small horns on your
                  | head. [potion of mutation]
  5227 | D:6      | Gained mutation: You are resistant to electric shocks.
                  | (rElec) [potion of mutation]
  5227 | D:6      | Gained mutation: You are partially covered in large bone
                  | plates. (SH +4) [potion of mutation]
  5476 | D:6      | Reached skill level 7 in Ranged Weapons
  5528 | D:6      | Reached skill level 1 in Maces & Flails
  5834 | D:7      | Reached XP level 9. HP: 44/76 MP: 14/14
  5938 | D:7      | Learned a level 4 spell: Cause Fear
  5981 | D:7      | Found a staircase to the Ecumenical Temple.
  6000 | Temple   | Entered the Ecumenical Temple
  6089 | Temple   | Became a worshipper of Qazlal Stormbringer
  6429 | D:7      | Noticed Duvessa
  6430 | D:7      | Noticed Dowan
  6442 | D:7      | Killed Duvessa
  6454 | D:7      | Killed Dowan
  6707 | D:7      | Noticed Jeremiah
  6713 | D:7      | Noticed Pikel
  6723 | D:7      | Killed Pikel
  6724 | D:7      | Reached skill level 8 in Ranged Weapons
  6727 | D:7      | Noticed Prince Ribbit
  6734 | D:7      | HP: 1/66 [Jeremiah/+4 trident of draining (7)]
  6735 | D:7      | Slain by Jeremiah

Illustrated notes

Levels and vault maps discovered:
D:1:      lightli_arrival_flooded_house, layout_loops_cross, skrybe_limestone_x,
          minmay_pentomino_z4
D:2:      layout_basic, serial_shops, shop, minmay_randomly_rotated_circles
D:3:      layout_loops_ring, mainiacjoe_overflow_six_doors_small, uniq_sigmund
D:4:      layout_gridville, lightli_corner_chamber
D:5:      layout_rooms, minmay_misc_feat_rugged
D:6:      layout_cave_pods, cheibrodos_sewer_entry_bend
D:7:      layout_basic, temple_fountains, uniq_prince_ribbit1, uniq_duvessa,
          uniq_pikel, uniq_jeremiah
Temple:   mainiacjoe_temple_big_plus

Skill      XL: |  1  2  3  4  5  6  7  8  9 |
---------------+----------------------------+-----
Ranged Weapons | 2 3 4 5 7 8 |  8.1
Spellcasting   | 2 3 4 |  4.6
Hexes          | 4 5 |  5.8
Fighting       | 2 3 4 |  4.2
Armour         | 1 2 |  2.2
Stealth        | 1 |  1.5
Dodging        | 2 |  2.0
Maces & Flails | 1 2 |  2.0
Shields        | |  0.3
Fire Magic     | |  1.0

Action                     |  1- 3 |  4- 6 |  7- 9 || total
---------------------------+-------+-------+-------++-------
  Melee: Short sword       |     4 |     9 |       ||    13
         Shillelagh        |       |    18 |    89 ||   107
         Headbutt          |       |       |    10 ||    10
         Punch             |       |       |     2 ||     2
   Fire: Sling             |    72 |   118 |   151 ||   341
   Cast: Jinxbite          |    11 |    16 |    33 ||    60
         Sigil of Binding  |       |       |     4 ||     4
Ability: Spit Poison       |       |     1 |     6 ||     7
  Evoke: Wand              |       |       |     1 ||     1
    Use: Scroll            |     5 |     3 |     2 ||    10
         Potion            |       |       |     4 ||     4
 Armour: Robe              |    13 |    28 |       ||    41
         Leather armour    |       |    17 |   100 ||   117
  Dodge: Repelled          |     2 |     2 |       ||     4
         Dodged            |     7 |    23 |    53 ||    83
  Block: Other             |       |       |    14 ||    14
